 Dungeon Crawl Stone Soup version 0.26-a0-752-gcff87cac9a (webtiles) character file.

Game seed: 532106991000118818

129 Forecaster the Stinger (level 5, -3/42 HPs)
             Began as a Naga Venom Mage on Nov 6, 2020.
             Was an Initiate of Sif Muna.
             Slain by an ice beast (14 damage)
             ... on level 3 of the Dungeon.
             The game lasted 00:08:18 (3404 turns).

Forecaster the Stinger (Naga Venom Mage)            Turns: 3404, Time: 00:08:18

Health: -3/42      AC:  3    Str: 16 (17) XL:     5   Next: 12%
Magic:  5/9        EV: 14    Int: 13 (16) God:    Sif Muna [......]
Gold:   169        SH:  0    Dex:  8 (11) Spells: 0/10 levels left

rFire    . . .     SeeInvis +   o - +0 dagger
rCold    . . .     Faith    .   (no shield)
rNeg     . . .     Spirit   .   a - +0 robe
rPois    +         Reflect  .   (no helmet)
rElec    .         Harm     .   e - +0 cloak
rCorr    .         Rampage  .   (no gloves)
MR       .....                  (no barding)
Stlth    ++........             (no amulet)
HPRegen  0.14/turn              n - +6 ring of strength
MPRegen  0.11/turn              q - +4 ring of evasion

@: mighty, flying, hasted, quick
A: large, see invisible, deformed body, poison resistance, slowness 2, spit
poison 1, AC +1
a: Spit Poison, Renounce Religion


You were on level 3 of the Dungeon.
You worshipped Sif Muna.
Sif Muna was noncommittal.
You visited 1 branch of the dungeon, and saw 3 of its levels.

You collected 169 gold pieces.

Inventory:

Hand Weapons
 o - a +0 dagger (weapon)
Missiles
 c - 12 poisoned darts (quivered)
Armour
 a - a +0 robe (worn)
 e - a +0 cloak (worn)
Jewellery
 i - a +6 ring of strength
 n - a +6 ring of strength (left hand)
 q - a +4 ring of evasion (right hand)
Scrolls
 d - 5 scrolls of remove curse {unknown}
 g - a scroll of amnesia {unknown}
 k - a scroll of enchant armour {unknown}
 p - 2 scrolls of identify {unknown}
Potions
 f - a potion of haste
 h - 2 potions of degeneration
 m - a potion of magic {unknown}
 r - a potion of mutation {unknown}


   Skills:
 + Level 0.1 Short Blades
 + Level 1.8 Dodging
 + Level 3.3 Stealth
 + Level 3.0 Spellcasting
 + Level 1.0 Transmutations
 + Level 1.9 Air Magic
 + Level 5.5 Poison Magic


You couldn't memorise any spells.
You knew the following spells:

 Your Spells              Type           Power        Failure   Level
a - Sting                 Tmut/Pois      ##..         6%          1
b - Poisonous Vapours     Pois/Air       ##....       8%          2
c - Olgreb's Toxic Radia  Pois           ###.....     24%         4
d - Ignite Poison         Fire/Tmut/Pois #.......     28%         3

Your spell library contained the following spells:

 Spells                   Type           Power        Failure   Level
 Magic Dart               Conj           #...         22%         1
 Mephitic Cloud           Conj/Pois/Air  #.......     24%         3
 Blink                    Tloc           N/A          34%         2
 Call Imp                 Summ           #.......     34%         2
 Slow                     Hex            #.......     34%         2
 Conjure Flame            Conj/Fire      #.......     56%         3


Dungeon Overview and Level Annotations

Branches:
Dungeon (3/15)

Altars:
Ru
Sif Muna


Innate Abilities, Weirdness & Mutations

You cannot wear boots.
Your serpentine skin is tough. (AC +1)
You have supernaturally acute eyesight. (SInv)
Armour fits poorly on your strangely shaped body.
Your system is resistant to poisons. (rPois)
You cover ground very slowly.
You can spit poison.


Message History

The ice beast hits you.
* * * LOW HITPOINT WARNING * * *
The ice beast freezes you.
* * * LOW HITPOINT WARNING * * *
It was a potion of degeneration.
There was something very wrong with that liquid.
You feel weakened.
You feel dopey.
You feel clumsy. The ice beast closely misses you.
It was a potion of haste.
You feel yourself speed up.
The ice beast hits you but does no damage.
It was a potion of flight.
You feel very buoyant.
You fly up into the air.
It was a potion of might.
You feel very mighty all of a sudden.
The ice beast hits you but does no damage.
It was a potion of curing.
You feel better. The ice beast hits you.
* * * LOW HITPOINT WARNING * * *
The ice beast freezes you!
You die...

. #......####(.##.# #.# #.
#...........###.#####.#
#..####....###.#.##
#.......# #........#.#
##.## ####..###
#........#.# ### #..#
#..###...#.## #..# ...#
#.....[############..# #.#
#...................>#
#.###..#...###.@###.######
##.........## #Y.# #.#
...###..#### #..# #.# ##.#
#..# #..# #.# ##.###..#
#..# #.# #(..##..# #..#
#.# .###....##<. ...# #.#
.# #.......# #... ..#
.###........


You could see an ice beast.

Vanquished Creatures
  Jessica (D:3)
  A worker ant (D:3)
  2 adders
  An ooze (D:3)
  2 worms
  A leopard gecko (D:1)
  2 orcs (D:3)
  3 giant cockroaches
  5 goblins
  5 hobgoblins
  A quokka (D:3)
  A ball python (D:2)
  9 bats
  A frilled lizard (D:2)
  9 kobolds
  5 rats
49 creatures vanquished.

Vanquished Creatures (others)
  12 plants (D:2)
12 creatures vanquished.

Grand Total: 61 creatures vanquished

Notes
Turn   | Place    | Note
-------+----------+-------------------------------------------
     0 | D:1      | Forecaster the Naga Venom Mage began the quest for the Orb.
     0 | D:1      | Reached XP level 1. HP: 15/15 MP: 3/3
   265 | D:1      | You fall into a shaft and drop 1 floor!
   277 | D:2      | Reached XP level 2. HP: 22/22 MP: 0/5
   281 | D:2      | Learned a level 2 spell: Poisonous Vapours
   469 | D:2      | Found a faded altar of an unknown god.
   797 | D:2      | Reached XP level 3. HP: 28/28 MP: 3/6
  2383 | D:3      | Reached skill level 1 in Air Magic
  2469 | D:3      | Reached XP level 4. HP: 36/36 MP: 2/8
  2478 | D:3      | Learned a level 4 spell: Olgreb's Toxic Radiance
  2568 | D:3      | Noticed Jessica
  2571 | D:3      | Killed Jessica
  2571 | D:3      | Reached skill level 5 in Poison Magic
  2630 | D:3      | Found a shimmering blue altar of Sif Muna.
  2673 | D:3      | Became a worshipper of Sif Muna the Loreminder
  2946 | D:3      | Found a sacrificial altar of Ru.
  3276 | D:3      | Reached XP level 5. HP: 42/42 MP: 4/9
  3340 | D:3      | Learned a level 3 spell: Ignite Poison
  3389 | D:3      | Noticed an ice beast
  3404 | D:3      | Slain by an ice beast

Illustrated notes

Levels and vault maps discovered:
D:1:      dpeg_arrival_arbitrary_b, layout_loops_ring
D:2:      layout_loops_ring, serial_forest, infiniplex_forest_split,
          infiniplex_forest_clump_curved, infiniplex_forest_lined_ring,
          infiniplex_forest_straight_4, infiniplex_forest_zigzag_2,
          infiniplex_forest_lined_2, infiniplex_forest_straight_3,
          infiniplex_forest_end_3, infiniplex_forest_zigzag_2,
          infiniplex_forest_lined_2, chequers_ecumenical_altar_twisty
D:3:      layout_loops_ring, tgw_sif, hangedman_ru_absence

Skill      XL: |  1  2  3  4 |
---------------+-------------+-----
Air Magic      | 1 |  1.9
Poison Magic   | 5 |  5.5
Spellcasting   | 3 |  3.0
Short Blades   | |  0.1
Dodging        | |  1.8
Stealth        | |  3.3
Transmutations | |  1.0

Action                   |  1- 3 |  4- 6 || total
-------------------------+-------+-------++-------
Melee: Short sword       |     9 |       ||     9
       Dagger            |     8 |    19 ||    27
 Cast: Sting             |     9 |       ||     9
       Poisonous Vapours |    40 |    16 ||    56
       Olgreb's Toxic Ra |       |     1 ||     1
  Use: Potion            |       |     5 ||     5
 Stab: Sleeping          |       |     1 ||     1
Armor: Robe              |    10 |     6 ||    16
Dodge: Dodged            |    13 |    17 ||    30

Table legend: (Time is in decaauts)
 A = Elapsed time spent in this place.
 B = Non-inter-level travel time spent in this place.
 C = Inter-level travel time spent in this place.
 D = Time resting spent in this place.
 E = Time spent auto-exploring this place.
 F = Levels seen in this place.
 G = Mean time per level.
                   A        B        C        D        E       F      G
               +--------+--------+--------+--------+--------+-----+--------+
         Total |   4113 |   3926 |    187 |    213 |   3292 |   3 | 1371.0 |
       Dungeon |   4113 |   3926 |    187 |    213 |   3292 |   3 | 1371.0 |
               +--------+--------+--------+--------+--------+-----+--------+

Top non-repeatable levels by time:
     D:2: 1839 daAuts
     D:3: 1190 daAuts
     D:1: 1083 daAuts
